TOP OF THE 1ST |
Bowling Green Hot Rods batting - Pitching for Kannapolis Intimidators : RHP Emilio Gonzalez
|
Pitching: RHP Emilio Gonzalez
|
|
Batting: RHB James Huddleston
|
0-0: Called Strike 0-1: Swinging Strike 0-2: Strikes out swinging
|
Batting: RHB Alex Diaz
|
0-0: Ball 1-0: Ball 2-0: Foul Ball, location: 2F 2-1: Foul Ball, location: 2F 2-2: SINGLE (Flyball, 3D, EV 87.5 MPH)
|
Batting: RHB Azedine Kirui
|
0-0: Ball 1-0: Ball 2-0: Fielders Choice at 2nd, 6-4 (Groundball, 6M, EV 100.0 MPH)
|
Batting: RHB Antonio Pacheco
|
0-0: Ball 1-0: Called Strike 1-1: Ball 2-1: Foul Ball, location: 2F 2-2: Foul Ball, location: 2F 2-2: Ball 3-2: Foul Ball, location: 2F 3-2: Strikes out swinging
|
Top of the 1st over - 0 runs, 1 hit, 0 errors, 1 left on base; Bowling Green 0 - Kannapolis 0 |
BOTTOM OF THE 1ST |
Kannapolis Intimidators batting - Pitching for Bowling Green Hot Rods : RHP Jaylin Green
|
Pitching: RHP Jaylin Green
|
|
Batting: SHB Jay Gagnon
|
0-0: SINGLE (Line Drive, 89S, EV 99.4 MPH)
|
Batting: LHB Dalton Silveira
|
0-0: Fielders Choice at 2nd, 6-4 (Groundball, 6M, EV 86.9 MPH)
|
Batting: SHB Ruben Velasco Jr.
|
0-0: Ball 1-0: Foul Ball, location: 2F 1-1: Ball 2-1: Ball Dalton Silveira is caught stealing 2nd base 2-6 3-1: Foul Ball, location: 2F 3-2: Ground out 4-3 (Groundball, 4D, EV 98.1 MPH)
|
Bottom of the 1st over - 0 runs, 1 hit, 0 errors, 0 left on base; Bowling Green 0 - Kannapolis 0 |
TOP OF THE 2ND |
Bowling Green Hot Rods batting - Pitching for Kannapolis Intimidators : RHP Emilio Gonzalez
|
Batting: LHB Sean Banks
|
0-0: Ball 1-0: Called Strike 1-1: Ball 2-1: Swinging Strike 2-2: Foul Ball, location: 2F 2-2: Strikes out looking
|
Batting: LHB Jimmy Detrie
|
0-0: Ball 1-0: Ball 2-0: Ball 3-0: Called Strike 3-1: Called Strike 3-2: Fly out, F8 (Flyball, 8RD, EV 101.2 MPH)
|
Batting: RHB John Downing
|
0-0: Ball 1-0: Called Strike 1-1: Ball 2-1: Ball 3-1: Foul Ball, location: 2F 3-2: Base on Balls
|
Batting: RHB Jesse Haddad
|
0-0: Ball 1-0: Called Strike John Downing steals 2nd base 1-1: Ball 2-1: Ball 3-1: Base on Balls
|
Batting: RHB Eric Waugaman
|
0-0: Swinging Strike 0-1: Ball 1-1: Called Strike 1-2: Ball 2-2: Ball 3-2: Strikes out swinging
|
Top of the 2nd over - 0 runs, 0 hits, 0 errors, 2 left on base; Bowling Green 0 - Kannapolis 0 |
BOTTOM OF THE 2ND |
Kannapolis Intimidators batting - Pitching for Bowling Green Hot Rods : RHP Jaylin Green
|
Batting: RHB Mike Manchester
|
0-0: Swinging Strike 0-1: Ball 1-1: Foul Ball, location: 2F 1-2: Ground out 6-3 (Groundball, P, EV 83.8 MPH)
|
Batting: RHB Mike Warzecha
|
0-0: SINGLE (Line Drive, 7S, EV 98.8 MPH)
|
Batting: LHB Edgar Castillo
|
0-0: Fielders Choice at 2nd, 4-6 (Groundball, 4, EV 107.5 MPH)
|
Batting: SHB Jose Castillo
|
0-0: Ball 1-0: Ball 2-0: Called Strike 2-1: Ground out 4-3 (Groundball, 4, EV 102.5 MPH)
|
Bottom of the 2nd over - 0 runs, 1 hit, 0 errors, 1 left on base; Bowling Green 0 - Kannapolis 0 |
TOP OF THE 3RD |
Bowling Green Hot Rods batting - Pitching for Kannapolis Intimidators : RHP Emilio Gonzalez
|
Batting: RHB James Huddleston
|
0-0: Called Strike 0-1: Foul Ball, location: 2F 0-2: Ball 1-2: Strikes out swinging
|
Batting: RHB Alex Diaz
|
0-0: Swinging Strike 0-1: Ball 1-1: Called Strike 1-2: Ball 2-2: Ball 3-2: Foul Ball, location: 2F 3-2: Foul Ball, location: 2F 3-2: Foul Ball, location: 2F 3-2: Ground out 4-3 (Groundball, 4, EV 82.5 MPH)
|
Batting: RHB Azedine Kirui
|
0-0: Called Strike 0-1: Ground out 5-3 (Groundball, 5L, EV 83.1 MPH)
|
Top of the 3rd over - 0 runs, 0 hits, 0 errors, 0 left on base; Bowling Green 0 - Kannapolis 0 |
BOTTOM OF THE 3RD |
Kannapolis Intimidators batting - Pitching for Bowling Green Hot Rods : RHP Jaylin Green
|
Batting: RHB Edgar Landim
|
0-0: Ball 1-0: Ball 2-0: Called Strike 2-1: Foul Ball, location: 2F 2-2: Foul Ball, location: 2F 2-2: Ground out 3-1 (Groundball, 13, EV 81.2 MPH)
|
Batting: RHB Dunlang Clark
|
0-0: Called Strike 0-1: Ball 1-1: SINGLE (Line Drive, 9LS, EV 112.5 MPH)
|
Batting: SHB Jay Gagnon
|
0-0: Called Strike 0-1: Fielders Choice at 2nd, 4-6 (Groundball, 4, EV 89.4 MPH)
|
Batting: LHB Dalton Silveira
|
0-0: Called Strike 0-1: Fly out, F7 (Line Drive, 78D, EV 92.5 MPH)
|
Bottom of the 3rd over - 0 runs, 1 hit, 0 errors, 1 left on base; Bowling Green 0 - Kannapolis 0 |
TOP OF THE 4TH |
Bowling Green Hot Rods batting - Pitching for Kannapolis Intimidators : RHP Emilio Gonzalez
|
Batting: RHB Antonio Pacheco
|
0-0: Ball 1-0: Foul Ball, location: 2F 1-1: Ball 2-1: Ball 3-1: Called Strike 3-2: Fly out, F4 (Line Drive, 4, EV 71.2 MPH)
|
Batting: LHB Sean Banks
|
0-0: Ball 1-0: Foul Ball, location: 2F 1-1: Ball 2-1: Ball 3-1: Fly out, F7 (Flyball, 78S, EV 76.9 MPH)
|
Batting: LHB Jimmy Detrie
|
0-0: Ground out 4-3 (Groundball, 4M, EV 105.6 MPH)
|
Top of the 4th over - 0 runs, 0 hits, 0 errors, 0 left on base; Bowling Green 0 - Kannapolis 0 |
BOTTOM OF THE 4TH |
Kannapolis Intimidators batting - Pitching for Bowling Green Hot Rods : RHP Jaylin Green
|
Batting: SHB Ruben Velasco Jr.
|
0-0: Ball 1-0: SINGLE (Line Drive, 9S, EV 104.4 MPH)
|
Batting: RHB Mike Manchester
|
0-0: Ball 1-0: Called Strike 1-1: Ball 2-1: Foul Ball, location: 2F 2-2: Foul Ball, location: 2F 2-2: Ball 3-2: Strikes out swinging
|
Batting: RHB Mike Warzecha
|
0-0: Called Strike 0-1: SINGLE (Flyball, 5D, EV 91.9 MPH) Ruben Velasco Jr. to second
|
Batting: LHB Edgar Castillo
|
0-0: Called Strike 0-1: Fielders Choice at 2nd, 3-6 (Groundball, 34, EV 105.0 MPH) Ruben Velasco Jr. to third
|
Batting: SHB Jose Castillo
|
0-0: Swinging Strike 0-1: Foul Ball, location: 2F 0-2: Ball 1-2: Ball 2-2: Strikes out swinging
|
Bottom of the 4th over - 0 runs, 2 hits, 0 errors, 2 left on base; Bowling Green 0 - Kannapolis 0 |
TOP OF THE 5TH |
Bowling Green Hot Rods batting - Pitching for Kannapolis Intimidators : RHP Emilio Gonzalez
|
Batting: RHB John Downing
|
0-0: Ball 1-0: Called Strike 1-1: Ball 2-1: Ground out 6-3 (Groundball, 6M, EV 105.6 MPH)
|
Batting: RHB Jesse Haddad
|
0-0: SINGLE (Groundball, 15S, EV 68.8 MPH) (infield hit)
|
Batting: RHB Eric Waugaman
|
0-0: Fielders Choice at 2nd, 1-6 (Groundball, 34S, EV 73.8 MPH)
|
Batting: RHB James Huddleston
|
0-0: Swinging Strike 0-1: Foul Ball, location: 2F 0-2: Strikes out swinging
|
Top of the 5th over - 0 runs, 1 hit, 0 errors, 1 left on base; Bowling Green 0 - Kannapolis 0 |
BOTTOM OF THE 5TH |
Kannapolis Intimidators batting - Pitching for Bowling Green Hot Rods : RHP Jaylin Green
|
Batting: RHB Edgar Landim
|
0-0: Ball 1-0: Foul Ball, location: 2F 1-1: Ball 2-1: SINGLE (Groundball, 6D, EV 98.1 MPH)
|
Batting: RHB Dunlang Clark
|
0-0: Ball 1-0: Fielders Choice at 2nd, 3-6 (Groundball, 34, EV 90.6 MPH)
|
Batting: SHB Jay Gagnon
|
0-0: Called Strike Dunlang Clark steals 2nd base 0-1: Ball 1-1: Ball 2-1: Swinging Strike 2-2: Ball 3-2: Strikes out swinging
|
Batting: LHB Dalton Silveira
|
0-0: Ball 1-0: Ball 2-0: Called Strike 2-1: DOUBLE (Line Drive, 5D, EV 98.1 MPH) Dunlang Clark scores
|
Batting: SHB Ruben Velasco Jr.
|
0-0: Ball 1-0: Ball 2-0: Called Strike 2-1: Ground out U3 (Groundball, 3S, EV 83.8 MPH)
|
Bottom of the 5th over - 1 run, 2 hits, 0 errors, 1 left on base; Bowling Green 0 - Kannapolis 1 |
TOP OF THE 6TH |
Bowling Green Hot Rods batting - Pitching for Kannapolis Intimidators : RHP Emilio Gonzalez
|
Batting: RHB Alex Diaz
|
0-0: Foul Ball, location: 2F 0-1: SINGLE (Line Drive, 9S, EV 108.1 MPH)
|
Batting: RHB Azedine Kirui
|
0-0: Ball 1-0: Ball 2-0: Ball 3-0: Called Strike 3-1: Base on Balls Alex Diaz to second
|
Pitching: LHP Eric Larsen
|
|
Batting: RHB Antonio Pacheco
|
0-0: Ball 1-0: Foul Ball, location: 2F 1-1: 3-RUN HOME RUN (Flyball, 78XD, EV 101.2 MPH), Distance : 380 ft
|
Batting: LHB Sean Banks
|
0-0: Swinging Strike 0-1: Foul Ball, location: 2F 0-2: Ball 1-2: Ball 2-2: Foul Ball, location: 2F 2-2: Strikes out swinging
|
Batting: LHB Jimmy Detrie
|
0-0: Foul Ball, location: 2F 0-1: Fly out, F8 (Flyball, 8LD, EV 101.9 MPH)
|
Batting: RHB John Downing
|
0-0: Called Strike 0-1: Ground out 4-3 (Groundball, 4, EV 106.2 MPH)
|
Top of the 6th over - 3 runs, 2 hits, 0 errors, 0 left on base; Bowling Green 3 - Kannapolis 1 |
BOTTOM OF THE 6TH |
Kannapolis Intimidators batting - Pitching for Bowling Green Hot Rods : RHP Jaylin Green
|
Batting: RHB Mike Manchester
|
0-0: Called Strike 0-1: Ground out 5-3 (Groundball, 5S, EV 70.6 MPH)
|
Batting: RHB Mike Warzecha
|
0-0: Ball 1-0: Swinging Strike 1-1: Ball 2-1: DOUBLE (Line Drive, 89D, EV 108.1 MPH)
|
Batting: LHB Edgar Castillo
|
0-0: Ball 1-0: Ball 2-0: Called Strike 2-1: Foul Ball, location: 2F 2-2: 2-RUN HOME RUN (Line Drive, 9D, EV 94.4 MPH), Distance : 358 ft
|
Batting: SHB Jose Castillo
|
0-0: Called Strike 0-1: Called Strike 0-2: Ball 1-2: Ground out 4-3 (Groundball, 4, EV 103.8 MPH)
|
Batting: RHB Edgar Landim
|
0-0: Ball 1-0: Fly out, F7 (Flyball, 7, EV 88.8 MPH)
|
Bottom of the 6th over - 2 runs, 2 hits, 0 errors, 0 left on base; Bowling Green 3 - Kannapolis 3 |
TOP OF THE 7TH |
Bowling Green Hot Rods batting - Pitching for Kannapolis Intimidators : LHP Eric Larsen
|
Batting: RHB Jesse Haddad
|
0-0: Ball 1-0: Swinging Strike 1-1: Swinging Strike 1-2: Foul Ball, location: 2F 1-2: Fly out, F8 (Flyball, 8LS, EV 83.8 MPH)
|
Batting: RHB Eric Waugaman
|
0-0: Ball 1-0: Ball 2-0: SINGLE (Groundball, 6D, EV 95.6 MPH)
|
Batting: RHB James Huddleston
|
0-0: Swinging Strike 0-1: Ball 1-1: Ground out 4-3 (Groundball, 4S, EV 60.0 MPH) Eric Waugaman to second
|
Batting: RHB Alex Diaz
|
0-0: Called Strike 0-1: Foul Ball, location: 2F 0-2: Ball 1-2: Foul Ball, location: 2F 1-2: Ball 2-2: Ball 3-2: Fly out, F7 (Flyball, 7S, EV 84.4 MPH)
|
Top of the 7th over - 0 runs, 1 hit, 0 errors, 1 left on base; Bowling Green 3 - Kannapolis 3 |
BOTTOM OF THE 7TH |
Kannapolis Intimidators batting - Pitching for Bowling Green Hot Rods : RHP Jaylin Green
|
Batting: RHB Dunlang Clark
|
0-0: Called Strike 0-1: Called Strike 0-2: Ball 1-2: SOLO HOME RUN (Flyball, 9D, EV 95.6 MPH), Distance : 346 ft
|
Batting: SHB Jay Gagnon
|
0-0: Called Strike 0-1: Called Strike 0-2: Ball 1-2: Ball 2-2: Ball 3-2: Strikes out swinging
|
Batting: LHB Dalton Silveira
|
0-0: Ball 1-0: Ground out 6-3 (Groundball, 6, EV 81.9 MPH)
|
Batting: SHB Ruben Velasco Jr.
|
0-0: Ball 1-0: Ball 2-0: Ball 3-0: Base on Balls
|
Pitching: RHP Jesse Rosa
|
|
Batting: RHB Mike Manchester
|
0-0: Swinging Strike 0-1: Ball 1-1: Swinging Strike 1-2: Strikes out swinging
|
Bottom of the 7th over - 1 run, 1 hit, 0 errors, 1 left on base; Bowling Green 3 - Kannapolis 4 |
TOP OF THE 8TH |
Bowling Green Hot Rods batting - Pitching for Kannapolis Intimidators : LHP Eric Larsen
|
Pitching: RHP Chris Worster
|
|
Batting: RHB Azedine Kirui
|
0-0: Ball 1-0: DOUBLE (Flyball, 8LXD, EV 95.0 MPH)
|
Batting: RHB Antonio Pacheco
|
0-0: Ball 1-0: Foul Ball, location: 2F 1-1: Foul Ball, location: 2F 1-2: Strikes out swinging
|
Batting: LHB Sean Banks
|
0-0: Ball 1-0: Ground out 4-3 (Groundball, 34, EV 91.9 MPH) Azedine Kirui to third
|
Batting: LHB Jimmy Detrie
|
0-0: Fly out, F8 (Flyball, 8LD, EV 88.1 MPH)
|
Top of the 8th over - 0 runs, 1 hit, 0 errors, 1 left on base; Bowling Green 3 - Kannapolis 4 |
BOTTOM OF THE 8TH |
Kannapolis Intimidators batting - Pitching for Bowling Green Hot Rods : RHP Jesse Rosa
|
Batting: RHB Mike Warzecha
|
0-0: Swinging Strike 0-1: Ball 1-1: Foul Ball, location: 2F 1-2: Strikes out swinging
|
Batting: LHB Edgar Castillo
|
0-0: Fly out, F8 (Flyball, 8RD, EV 103.8 MPH)
|
Batting: SHB Jose Castillo
|
0-0: Ball 1-0: Fly out, F7 (Flyball, 78M, EV 84.4 MPH)
|
Bottom of the 8th over - 0 runs, 0 hits, 0 errors, 0 left on base; Bowling Green 3 - Kannapolis 4 |
TOP OF THE 9TH |
Bowling Green Hot Rods batting - Pitching for Kannapolis Intimidators : RHP Chris Worster
|
Pitching: RHP Nate Myers
|
|
Batting: RHB John Downing
|
0-0: Ground out U3 (Groundball, 3S, EV 86.2 MPH)
|
Pinch Hitting: SHB Joey Pacheco
|
0-0: Ball 1-0: Ball 2-0: Ground out 3-1 (Groundball, 34, EV 103.1 MPH)
|
Pinch Hitting: LHB Rich Matthews
|
0-0: Ball 1-0: Ball 2-0: Ball 3-0: Called Strike 3-1: Foul Ball, location: 2F 3-2: Base on Balls
|
Batting: RHB James Huddleston
|
0-0: Ball 1-0: Foul Ball, location: 2F 1-1: Called Strike 1-2: Strikes out swinging
|
Top of the 9th over - 0 runs, 0 hits, 0 errors, 1 left on base; Bowling Green 3 - Kannapolis 4 |
|